 Dungeon Crawl Stone Soup version 0.22.1-1-ga44c0e5 (webtiles) character file.

260 nightchill the Changer (level 6, 0/47 HPs)
             Began as a Merfolk Transmuter on Oct 26, 2018.
             Was an Initiate of Wu Jian.
             Killed by divine providence
             ... invoked by an orc priest
              (11 damage)
             ... on level 4 of the Dungeon.
             The game lasted 00:18:49 (5318 turns).

nightchill the Changer (Merfolk Transmuter)         Turns: 5318, Time: 00:18:50

Health: 0/47       AC: 13    Str: 12    XL:     6   Next: 17%
Magic:  7/9        EV: 10    Int: 12    God:    Wu Jian [......]
Gold:   164        SH:  0    Dex: 15    Spells: 3/9 levels left

rFire    . . .     SeeInvis .     - Unarmed
rCold    . . .     Gourm    .   (no shield)
rNeg     . . .     Faith    .   x - +5 scale mail of Kireben {Regen+}
rPois    .         Spirit   .   l - +0 helmet
rElec    .         Reflect  .   (no cloak)
rCorr    .         Harm     .   (no gloves)
MR       .....                  z - +0 pair of boots
Stlth    ..........             (no amulet)
HPRegen  0.55/turn              (no ring)
MPRegen  0.11/turn              (no ring)

@: very slightly contaminated
A: change form in water, swift swim, stealthy swim
a: Renounce Religion


You were on level 4 of the Dungeon.
You worshipped Wu Jian.
Wu Jian was noncommittal.
You were hungry.

You visited 1 branch of the dungeon, and saw 4 of its levels.

You collected 164 gold pieces.

Inventory:

Hand Weapons
 b - a +0 hunting sling
Missiles
 a - 32 arrows
 k - 12 sling bullets
 p - 88 stones (quivered)
 s - a throwing net
Armour
 f - a scarf of spirit shield
 g - a +0 robe
 l - a +0 helmet (worn)
 x - the +5 scale mail of Kireben (worn) {Regen+}
   (You found it on level 4 of the Dungeon)

   It increases your rate of regeneration.
 z - a +0 pair of boots (worn)
Jewellery
 B - an uncursed ring of wizardry {unknown}
Wands
 A - a wand of digging (19)
Scrolls
 c - a scroll of blinking {unknown}
 e - 3 scrolls of enchant weapon {unknown}
 i - 2 scrolls of random uselessness {unknown}
 j - 2 scrolls of fog {unknown}
 n - 2 scrolls of enchant armour {unknown}
 o - a scroll of immolation {unknown}
 q - a scroll of fear {unknown}
 v - a scroll of teleportation {unknown}
 y - 2 scrolls of amnesia {unknown}
 C - a scroll of identify {unknown}
Potions
 h - a potion of degeneration {unknown}
 m - 3 potions of heal wounds {unknown}
 r - 2 potions of curing {unknown}
 t - a potion of mutation {unknown}
 u - a potion of might {unknown}
 w - 2 potions of lignification {unknown}
Comestibles
 d - 7 rations
 D - a chunk of flesh


   Skills:
 + Level 3.0 Fighting
 - Level 2.6 Dodging
 * Level 5.2 Unarmed Combat
 - Level 2.0 Spellcasting
 * Level 5.6 Transmutations


You had 3 spell levels left.
You knew the following spells:

 Your Spells              Type           Power        Failure   Level  Hunger
a - Beastly Appendage     Tmut           ##....       16%         1    ##.....
b - Sticks to Snakes      Tmut           ##......     22%         2    ###....
c - Spider Form           Tmut/Pois      #.........   82%         3    ####...

Your spell library contained the following spells:

 Spells                   Type           Power        Failure   Level  Hunger
 Ice Form                 Ice/Tmut       #.......     99%         4    #####..
 Blade Hands              Tmut           ##........   99%         5    ######.


Dungeon Overview and Level Annotations

Branches:
Dungeon (4/15)
 Temple: D:4-7

Altars:
Ashenzari
Elyvilon
Fedhas
Hepliaklqana
Wu Jian
Xom
Yredelemnul

Shops:
D:4 !


Message History

You completely miss the orc wizard.
The orc wizard is severely wounded.
The orc priest hits you but does no damage.
The orc wizard gestures at you while chanting.
The puff of flame hits you!
* * * LOW HITPOINT WARNING * * *
You closely miss the orc wizard.
The orc wizard is severely wounded.
The orc priest barely misses you.
The orc wizard hits you but does no damage.
Casting: Sticks to Snakes (safe; 22% risk of failure)
Confirm with . or Enter, or press ? or * to list all spells.
You miscast Sticks to Snakes.
You are very lightly contaminated with residual magic.
Nothing appears to happen.
You are feeling hungry.
The orc wizard closely misses you.
The orc priest calls down the wrath of Beogh upon you.
Beogh smites you!
You die...

#.# #.....
#.#
#.########
#..#.# #.#
#........#
#..#.###.#
########.#
#........#
#.#
##.#.#####
#.# #.#.# #.#
#.#.# #.#
#.#.#######
#@#
#.#........
#o#
#.####.#.##
#o# #.#
#..### .o#
#.# #.'#.#
#.# #.#
###..# #.#
#.# #.._# #.#
#.# ##### #.#
###.### #.._#
#
#.....####..#


You could see 2 orc priests and an orc wizard.

Vanquished Creatures
  An ogre (D:4)
  A hound (D:4)
  Jessica (D:2)
  A worker ant (D:4)
  An iguana (D:4)
  3 adders
  A dart slug (D:4)
  3 leopard geckos (D:4)
  10 orcs (D:4)
  2 giant cockroaches
  5 goblins
  6 hobgoblins
  4 jackals (D:2)
  9 bats
  A frilled lizard (D:3)
  A giant cockroach zombie (D:2)
  2 kobolds (D:1)
  9 rats
61 creatures vanquished.

Vanquished Creatures (collateral kills)
  2 adders (D:4)
  A worm (D:2)
  A ball python (D:1)
4 creatures vanquished.

Grand Total: 65 creatures vanquished

Notes
Turn   | Place    | Note
-------+----------+-------------------------------------------
     0 | D:1      | nightchill the Merfolk Transmuter began the quest for the
                  | Orb.
     0 | D:1      | Reached XP level 1. HP: 15/15 MP: 3/3
   321 | D:1      | Reached XP level 2. HP: 21/21 MP: 5/5
   328 | D:1      | Learned a level 2 spell: Sticks to Snakes
  1462 | D:2      | Reached XP level 3. HP: 23/26 MP: 3/6
  1522 | D:2      | Learned a level 3 spell: Spider Form
  1593 | D:2      | Noticed Jessica
  1601 | D:2      | Killed Jessica
  1764 | D:2      | Found a white marble altar of Elyvilon.
  1951 | D:2      | Reached XP level 4. HP: 29/33 MP: 7/7
  2866 | D:3      | Found a blossoming altar of Fedhas.
  3269 | D:3      | Found a basalt altar of Yredelemnul.
  3770 | D:4      | Noticed an ogre
  3784 | D:4      | Killed an ogre
  3784 | D:4      | Reached skill level 5 in Transmutations
  3784 | D:4      | Reached XP level 5. HP: 8/39 MP: 1/8
  4122 | D:4      | Reached skill level 5 in Unarmed Combat
  4486 | D:4      | Found Naxkox's Distillery.
  4895 | D:4      | Reached XP level 6. HP: 31/46 MP: 9/9
  5114 | D:4      | Found a shimmering altar of Xom.
  5128 | D:4      | Found a shattered altar of Ashenzari.
  5168 | D:4      | Got a distressingly furry scale mail
  5179 | D:4      | Identified the +5 scale mail of Kireben {Regen+} (You found
                  | it on level 4 of the Dungeon)
  5190 | D:4      | Found a hazy altar of Hepliaklqana.
  5204 | D:4      | Found an ornate altar of the Wu Jian Council.
  5210 | D:4      | Became a worshipper of the Wu Jian Council
  5318 | D:4      | Killed from afar by an orc priest

Skill      XL: |  1  2  3  4  5  6 |
---------------+-------------------+-----
Transmutations | 3 4 5 |  5.6
Unarmed Combat | 4 5 |  5.2
Fighting       | 2 3 |  3.0
Dodging        | |  2.6
Spellcasting   | |  2.0

Action                   |  1- 3 |  4- 6 || total
-------------------------+-------+-------++-------
Melee: Unarmed           |   103 |   177 ||   280
       Punch             |     2 |     1 ||     3
Throw: Stone             |       |     1 ||     1
 Cast: Sticks to Snakes  |     6 |    16 ||    22
Invok: Lunge             |       |     1 ||     1
 Stab: Sleeping          |     3 |       ||     3
  Eat: Chunk             |     3 |    12 ||    15
Armor: Robe              |    28 |    32 ||    60
       Scale mail        |       |    14 ||    14
Dodge: Dodged            |    90 |   102 ||   192
